Map: [ESL] Gresvan

Players

Future - Winner!

  • Race: Terran Terran
  • Spawn Location: 5:00

Astrea

  • Race: Protoss Protoss
  • Spawn Location: 11:00

Event: ESL SC2 Masters 2023 Summer (Regionals)

VOD

Have the link to the VOD?

Description

Time

  • Played on: May 12, 2023, 2:31 p.m.
  • Length: 9:00

All games in this series

Show
View Real Time Build Order
Export as new Build Order

Future Terran - Winner!

Build Orders:  

Get SALT Encoding   

  12  0:00  SCV  
  13  0:12  SCV  
  14  0:17  Supply Depot  
  14  0:24  SCV  
  15  0:39  SCV  
  15  0:40  Barracks  
  16  0:45  Refinery  
  16  0:51  SCV  
  16  0:55  Refinery  
  17  1:03  SCV  
  18  1:15  SCV  
  19  1:27  Orbital Command, Reaper  
  20  1:43  Supply Depot  
  20  1:44  Factory  
  20  1:53  SCV  
  21  1:59  Reaper  
  22  2:05  SCV  
  23  2:20  SCV  
  24  2:28  Armory  
  24  2:32  SCV  
  25  2:40  Command Center  
  25  2:44  SCV  
  25  2:45  Widow Mine  
  28  2:52  Supply Depot  
  28  2:56  SCV  
  29  3:02  Barracks  
  29  3:07  Widow Mine  
  31  3:14  SCV  
  32  3:20  Barracks  
  32  3:26  SCV  
  33  3:28  Widow Mine  
  35  3:40  SCV  
  36  3:41  Supply Depot  
  35  3:50  Widow Mine  
  35  3:52  SCV  
  37  3:56  Orbital Command, Barracks Reactor, Barracks Tech Lab  
  37  4:04  SCV  
  37  4:08  Barracks Tech Lab  
  38  4:10  Starport  
  38  4:16  Orbital Command, SCV  
  37  4:22  Stimpack  
  37  4:23  Marauder  
  37  4:30  Marauder  
  37  4:31  SCV  
  37  4:37  Marine x2  
  40  4:41  SCV  
  40  4:43  SCV  
  40  4:45  Marauder  
  42  4:47  Starport Reactor  
  44  4:53  Marauder, SCV  
  44  4:54  Marine  
  44  4:56  SCV, Marine  
  44  4:59  Factory Tech Lab  
  48  5:02  Bunker  
  48  5:06  SCV, Marauder  
  51  5:08  SCV  
  51  5:12  Supply Depot  
  51  5:13  Marine  
  51  5:14  Marine  
  53  5:17  Marauder  
  56  5:21  SCV x2  
  56  5:26  Supply Depot  
  58  5:30  Marauder  
  58  5:33  SCV x2  
  62  5:35  Marine  
  62  5:36  Marine  
  62  5:37  Combat Shield  
  62  5:38  Marauder  
  62  5:41  Refinery  
  66  5:45  SCV x2  
  66  5:47  Medivac  
  66  5:48  Medivac  
  72  5:51  Supply Depot  
  72  5:54  Supply Depot  
  72  5:59  SCV x2  
  72  6:02  Marine x2  
  72  6:03  Refinery  
  72  6:04  Marauder  
  78  6:13  Marauder  
  83  6:19  Concussive Shells  
  83  6:21  Supply Depot  
  83  6:22  Marine x2  
  83  6:25  Marauder  
  87  6:31  Supply Depot  
  87  6:33  SCV x2  
  87  6:34  Marauder  
  88  6:40  Siege Tank  
  88  6:41  Marine x2  
  88  6:46  Marauder  
  95  6:48  Engineering Bay  
  95  6:50  Supply Depot  
  95  6:51  SCV x2  
  95  6:54  Medivac x2  
  99  6:56  Marauder  
  101  7:16  Command Center  
  101  7:17  Marauder x2  
  101  7:18  Marine x2  
  107  7:23  Siege Tank  
  104  7:34  SCV  
  103  7:38  Marauder x2  
  103  7:42  Marine x2  
  109  7:45  Viking x2  
  113  7:59  Marauder  
  113  8:00  Marauder  
  113  8:01  Siege Tank  
  113  8:07  Marine x2  
  113  8:10  Barracks  
  113  8:12  Barracks  
  112  8:15  Viking  
  112  8:19  Viking  
  116  8:22  Marauder  
  118  8:28  Marine x2, Marauder  
  118  8:31  SCV  
  118  8:32  SCV  
  119  8:44  SCV x2  
Show
View Real Time Build Order
Export as new Build Order

Astrea Protoss 

Build Orders: 1 Gate Expand, Zealot Archon 

Get SALT Encoding   

  12  0:00  Probe  
  13  0:12  Probe  
  14  0:17  Pylon  
  14  0:24  Probe (Chrono Boost)  
  16  0:36  Probe (Chrono Boost)  
  16  0:37  Gateway  
  16  0:43  Probe (Chrono Boost)  
  16  0:46  Assimilator  
  17  0:51  Probe  
  18  1:03  Probe  
  19  1:15  Probe  
  20  1:24  Cybernetics Core  
  20  1:33  Nexus  
  20  1:34  Probe  
  21  1:41  Pylon  
  21  1:46  Probe  
  22  1:50  Assimilator  
  22  1:59  Probe, Stalker (Chrono Boost)  
  23  2:03  Warp Gate (Chrono Boost)  
  25  2:11  Probe  
  24  2:23  Stalker  
  24  2:24  Probe  
  27  2:37  Probe  
  28  2:49  Probe  
  29  2:52  Probe  
  29  2:53  Stalker  
  32  3:01  Probe  
  32  3:04  Probe  
  34  3:13  Probe  
  34  3:16  Probe, Robotics Facility  
  35  3:26  Probe  
  36  3:34  Probe  
  35  3:39  Probe  
  35  3:46  Probe  
  34  3:51  Probe  
  35  3:58  Probe  
  34  4:03  Observer x2 (Chrono Boost)  
  34  4:05  Probe  
  34  4:07  Gateway  
  35  4:10  Probe  
  35  4:16  Stalker  
  38  4:17  Probe  
  38  4:22  Probe  
  40  4:29  Probe (Chrono Boost)  
  38  4:34  Probe (Chrono Boost)  
  39  4:41  Probe (Chrono Boost)  
  41  4:47  Probe (Chrono Boost), Immortal (Chrono Boost)  
  41  4:49  Pylon  
  41  4:51  Probe (Chrono Boost)  
  46  4:56  Assimilator  
  46  4:57  Robotics Bay  
  46  4:59  Assimilator  
  46  5:04  Probe  
  48  5:07  Probe  
  48  5:09  Shield Battery  
  48  5:12  Probe  
  48  5:13  Pylon  
  48  5:14  Sentry  
  48  5:15  Pylon  
  48  5:19  Probe  
  48  5:21  Warp Prism (Chrono Boost)  
  54  5:31  Probe  
  54  5:32  Pylon  
  54  5:34  Probe  
  54  5:35  Sentry  
  58  5:38  Sentry  
  60  5:44  Probe, Observer  
  60  5:48  Disruptor (Chrono Boost)  
  61  5:52  Probe  
  65  5:58  Probe  
  65  6:03  Zealot x2  
  70  6:04  Probe  
  70  6:09  Extended Thermal Lance, Gateway  
  70  6:10  Probe  
  71  6:39  Colossus (Chrono Boost)  
  77  6:46  Pylon x2  
  77  6:48  Gateway  
  77  6:50  Gateway  
  77  6:52  Gateway  
  75  7:16  Zealot x2  
  75  7:17  Cybernetics Core  
  75  7:19  Pylon  
  75  7:21  Pylon  
  79  7:41  Zealot x2  
  83  7:49  Zealot x3  
  83  7:50  Archon  
  89  7:54  Gateway  
  89  7:56  Pylon  
  89  7:57  Shield Battery  
  89  7:58  Pylon  
  81  8:11  Stalker x4  
  89  8:14  Pylon  
  83  8:33  Robotics Facility  
  83  8:34  Pylon  
  80  8:38  Stalker x4  
  88  8:41  Twilight Council  
  88  8:47  Pylon  
Tags
 
Add a new tag
Caveats
  • Supply blocks, unpowered buildings, or Contaminate may cause inaccurate times.
  • Supply counts are checked every 10 seconds.